 Dungeon Crawl Stone Soup version 0.22-a0-775-ga7d80019b5 (webtiles) character file.

72 Mirvelgyr the Chopper (level 4, -1/39 HPs)
             Began as a Minotaur Berserker on July 18, 2018.
             Was a Follower of Trog.
             Killed from afar by Sigmund (9 damage)
             ... with a magic dart
             ... on level 2 of the Dungeon.
             The game lasted 00:01:52 (1222 turns).

Mirvelgyr the Chopper (Minotaur Berserker)          Turns: 1222, Time: 00:01:52

Health: -1/39      AC:  6    Str: 23    XL:     4   Next: 6%
Magic:  3/3        EV: 10    Int:  4    God:    Trog [*.....]
Gold:   54         SH:  0    Dex:  9    Spells: 3/3 levels left

rFire    . . .     SeeInvis .   p - +3 hand axe
rCold    . . .     Gourm    .   (no shield)
rNeg     . . .     Faith    .   i - +0 scale mail
rPois    .         Spirit   .   (helmet restricted)
rElec    .         Reflect  .   j - scarf {repulsion}
rCorr    .         Harm     .   (no gloves)
MR       .....                  (no boots)
Stlth    ..........             (no amulet)
HPRegen  0.13/turn              (no ring)
MPRegen  0.08/turn              (no ring)

@: repel missiles
A: retaliatory headbutt, horns 2
a: Berserk, Renounce Religion


You were on level 2 of the Dungeon.
You worshipped Trog.
Trog was aware of your devotion.
You were not hungry.

You visited 1 branch of the dungeon, and saw 2 of its levels.

You collected 54 gold pieces.

Inventory:

Hand Weapons
 p - a +3 hand axe (weapon)
Armour
 i - a +0 scale mail (worn)
 j - a scarf of repulsion (worn)
Wands
 b - a wand of flame (24)
Scrolls
 e - 3 scrolls of remove curse {unknown}
 h - 2 scrolls of enchant weapon {unknown}
 l - 2 scrolls of identify {unknown}
 o - a scroll of amnesia {unknown}
Potions
 a - a potion of brilliance {unknown}
 d - a potion of resistance {unknown}
 f - a potion of cancellation {unknown}
 g - 2 potions of lignification {unknown}
 n - a potion of ambrosia {unknown}
Comestibles
 c - 3 rations
 k - 3 chunks of flesh


   Skills:
 - Level 3.6 Fighting
 + Level 6.0 Axes
 - Level 2.4 Armour
 - Level 2.1 Dodging


You had 3 spell levels left.
You didn't know any spells.
Your spell library was empty.

Dungeon Overview and Level Annotations

Branches:
Dungeon (2/15)

Altars:

Annotations:
D:2 Sigmund


Innate Abilities, Weirdness & Mutations

You reflexively headbutt those who attack you in melee.
You have a pair of horns on your head.


Message History

You are more confused.
You are too confused!
You are too confused!
You are too confused!
Unknown command.
You are too confused!
Something hits you! Something hits you!
You're too confused to move!
You're too confused!
You're too confused!
You bump into the granite statue.
Something hits you but does no damage.
You bump into the granite statue.
Something hits you!
* * * LOW HITPOINT WARNING * * *
You're too confused!
You feel less confused.
You hear some strange, mumbled words.
A magic dart appears from out of thin air!
The magic dart hits you!
You die...

. ###### # # #
#####....# #.#####)# #
#........# #.......# #
#...8....# #.# #
#..8.8...######.#### #
#.8._.8............# #
#..8.8...###.#####.# ##
#...8..@.###.# #.# ##.
#......†###..#####.###.#
###.$#.###.....(.....)##
##......).......[....#
###..#####.####.##.#(
#..# #.# #.##.#. #..#
#.. ..##.## ##.#
#[#######.# #.# #.# #.#


There were no monsters in sight!

Vanquished Creatures
  Jessica (D:2)
  2 adders (D:2)
  A giant cockroach (D:2)
  2 goblins
  7 hobgoblins
  2 kobolds (D:1)
  7 bats
  3 frilled lizards
  2 rats
27 creatures vanquished.

Notes
Turn   | Place    | Note
-------+----------+-------------------------------------------
     0 | D:1      | Mirvelgyr the Minotaur Berserker began the quest for the Orb.
     0 | D:1      | Reached XP level 1. HP: 19/19 MP: 0/0
   125 | D:1      | Reached skill level 4 in Axes
   223 | D:1      | Reached XP level 2. HP: 25/26 MP: 1/1
   611 | D:2      | Noticed Jessica
   617 | D:2      | Reached skill level 5 in Axes
   621 | D:2      | Reached XP level 3. HP: 14/31 MP: 2/2
   631 | D:2      | Killed Jessica
  1050 | D:2      | Reached XP level 4. HP: 39/39 MP: 3/3
  1073 | D:2      | Reached skill level 6 in Axes
  1210 | D:2      | Found a faded altar of an unknown god.
  1210 | D:2      | Noticed Sigmund
  1222 | D:2      | Killed from afar by Sigmund

Vault maps used:
D:1:      dpeg_arrival_snail, grunt_decor_clamped
D:2:      first_ration, chequers_ecumenical_altar_simple_redux, uniq_jessica,
          uniq_sigmund

Skill      XL: |  1  2  3  4 |
---------------+-------------+-----
Axes           | 4 5 6 |  6.0
Fighting       | |  3.6
Armour         | |  2.4
Dodging        | |  2.1

Action                   |  1- 3 |  4- 6 || total
-------------------------+-------+-------++-------
Melee: Hand axe          |    39 |     1 ||    40
       Headbutt          |    10 |     1 ||    11
       War axe           |    10 |     5 ||    15
  Eat: Chunk             |       |     1 ||     1
Armor: Scale mail        |    25 |     4 ||    29
Dodge: Dodged            |    29 |     4 ||    33
       Deflected         |     2 |       ||     2

Table legend:
 A = Spawn XP
 B = Non-spawn XP
 C = Spawn XP percentage of total XP
 D = Spawn monster count
 E = Non-spawn monster count
 F = Spawn count percentage of total count
 G = Total turns spent on level
                    A         B        C        D         E        F      G
               +---------+---------+-------+---------+---------+-------+---------
         Total |       0 |     103 |   0.0 |       0 |      27 |   0.0 |  1222
               +---------+---------+-------+---------+---------+-------+---------
           D:1 |       0 |      22 |   0.0 |       0 |      13 |   0.0 |   600
           D:2 |       0 |      81 |   0.0 |       0 |      14 |   0.0 |   622
               +---------+---------+-------+---------+---------+-------+---------
